AoeStats
← Falconz

Arabia

509992619Analyzed
2v2 RM · 4d ago on Sep 29, 2026· 33m 57s· 4 players
Game mode
Random Map
Map size
Medium (4 player)
Population
200
Speed
Normal
Resources
Standard
Victory
Conquest
Starting age
Dark Age
Ending age
Imperial Age
RankedLock teamsTeams togetherTeam positionsShared explorationLock speedFull tech treeHidden civsTurbo modeCheats
Victory
Defeat
🇨🇴 Ethiopians · Colombia
1166
+16
🇨🇴 Franks · Colombia
1144
+17
🇵🇪 Ethiopians · Peru
1225
-19
🇵🇪 Magyars · Peru
1116
-14
Hex
7:45 Loom
10:01 Feudal Age
10:44 Double-Bit Axe
13:32 Fletching
22:25 Castle Age
20:48 Padded Archer Armor
21:55 Horse Collar
22:06 Gold Mining
22:28 Crossbowman
23:07 Bodkin Arrow
23:23 Bow Saw
23:51 Wheelbarrow
25:03 Leather Archer Armor
32:22 Thumb Ring
33:00 Coinage
32:54 Ballistics
Falconz
6:25 Loom
9:19 Feudal Age
15:45 Forging
15:41 Scale Barding Armor
18:17 Double-Bit Axe
24:07 Castle Age
22:38 Town Watch
25:30 Chain Barding Armor
24:35 Light Cavalry
27:02 Gold Mining
27:24 Bow Saw
28:24 Gold Shaft Mining
31:37 Husbandry
32:41 Stone Mining
gobenjc
6:47 Loom
9:51 Feudal Age
13:13 Fletching
23:14 Castle Age
22:12 Padded Archer Armor
22:17 Horse Collar
23:00 Town Watch
23:18 Crossbowman
24:12 Bodkin Arrow
25:45 Thumb Ring
Oki Doki
0:26 Loom
11:22 Feudal Age
12:44 Double-Bit Axe
12:42 Horse Collar
24:44 Scale Barding Armor
27:16 Castle Age
28:34 Wheelbarrow
29:05 Husbandry
30:51 Chain Barding Armor
32:43 Fletching
Connection lost

Rejoining the realm…

Still unreachable

The connection could not be restored.

Session expired

The server has moved on; the page needs a fresh start.